 Dungeon Crawl Stone Soup version 0.27-a0-1184-ge86db4a01e (webtiles) character file.

Game seed: 16105737234112770347

74562 robertstho the Severer (level 15, 0/140 (147) HPs)
             Began as a Minotaur Berserker on May 18, 2021.
             Was a High Priest of Trog.
             Succumbed to Nessos's poison
             ... on level 2 of the Orcish Mines.
             The game lasted 00:38:56 (15055 turns).

robertstho the Severer (Minotaur Berserker)        Turns: 15055, Time: 00:38:56

HP:   0/140 (147)   AC: 29    Str: 32    XL:     15   Next: 7%
MP:   14/14         EV: 11    Int:  5    God:    Trog [*****.]
Gold: 3105          SH:  0    Dex: 11    Spells: 14/14 levels left

rFire    + . .     SeeInvis .   L - +5 battleaxe (flame)
rCold    + . .     Faith    .   (shield currently unavailable)
rNeg     . . .     Spirit   .   E - +0 plate armour
rPois    +         Reflect  .   (helmet restricted)
rElec    +         Harm     .   J - scarf {+Inv}
rCorr    +         Rampage  ∞   n - +2 pair of gloves
Will     +....                  v - +3 pair of seven-league boots {Rampage+∞}
Stlth    ..........             g - amulet of regeneration
HPRegen  1.33/turn              i - +4 ring of protection
MPRegen  0.14/turn              p - +6 ring of strength

@: confused, lethally poisoned (0 -> -17), resistant, ambrosia-drunk, lightly
drained
A: horns 2, retaliatory headbutt
a: Renounce Religion, Evoke Invisibility, Berserk, Trog's Hand, Brothers in Arms


You were on level 2 of the Orcish Mines.
You worshipped Trog.
Trog was extremely pleased with you.
You visited 3 branches of the dungeon, and saw 19 of its levels.
You also visited: Sewer, Ossuary and Gauntlet.

You collected 3105 gold pieces.

Inventory:

Hand Weapons
 A - the +3 scimitar "Valiah" {vorpal, rF+}
   (Trog gifted it to you on level 7 of the Dungeon)

   It inflicts extra damage upon your enemies.
   It protects you from fire.
 C - a +3 vorpal battleaxe
 D - a +2 war axe of freezing
 L - a +5 battleaxe of flaming (weapon)
 P - a +3 war axe of electrocution
Missiles
 h - 6 atropa-tipped darts
Armour
 n - a +2 pair of gloves (worn)
 v - the +3 pair of seven-league boots (worn) {Rampage+∞}
   (You found it in a Gauntlet)
 E - a +0 plate armour (worn)
 G - +0 ice dragon scales
 J - a scarf of invisibility (worn)
 N - +0 acid dragon scales
Jewellery
 a - a +4 ring of evasion
 g - an amulet of regeneration (around neck)
 i - a +4 ring of protection (left hand)
 j - a +4 ring of protection
 k - an amulet of guardian spirit
 p - a +6 ring of strength (right hand)
 Q - a ring of ice
 V - a ring of willpower
 W - the amulet "Plog" {RegenMP rElec rN+ Dex-2 Stlth+}
   (You found it on level 6 of the Lair of Beasts)

   [amulet of magic regeneration]

   It increases your rate of magic regeneration.
   It affects your dexterity (-2).
   It insulates you from electricity.
   It protects you from negative energy.
   It makes you more stealthy.
Wands
 s - a wand of iceblast (32)
 z - a wand of acid (22)
 M - a wand of digging (5)
Scrolls
 o - 3 scrolls of fear
 t - a scroll of immolation
 u - 2 scrolls of enchant armour
 w - a scroll of fog
 x - a scroll of amnesia {unknown}
 y - 2 scrolls of summoning
 B - 4 scrolls of teleportation
 I - 3 scrolls of blinking
 O - a scroll of identify
 R - 2 scrolls of enchant weapon {unknown}
 S - a scroll of brand weapon
Potions
 b - 7 potions of ambrosia
 c - 2 potions of magic
 d - 2 potions of attraction {unknown}
 e - 6 potions of flight {unknown}
 f - 6 potions of might {unknown}
 l - a potion of berserk rage {unknown}
 m - a potion of haste {unknown}
 q - a potion of lignification
 r - 4 potions of mutation
 F - 2 potions of cancellation
 H - 6 potions of curing {unknown}
 X - a potion of invisibility {unknown}
 Y - a potion of heal wounds {unknown}


   Skills:
 * Level 17.4 Fighting
 + Level 2.7 Long Blades
 + Level 19.0 Axes
 * Level 15.5 Armour
 + Level 6.3 Dodging


You had 14 spell levels left.
You didn't know any spells.
Your spell library was empty.

Dungeon Overview and Level Annotations

Branches:
Dungeon (11/15)            Temple (0/1) D:4            Lair (6/6) D:11
  Swamp (0/4) Lair:2        Snake (0/4) Lair:3        Slime (0/5) Lair:6
    Orc (2/2) D:10          Sewer (visited)         Ossuary (visited)
Gauntlet (visited)
    Elf: Orc:2

Altars:
Cheibriados
Hepliaklqana
Yredelemnul
Beogh
Jiyva

Shops:
D:11 (

Annotations:
Orc:2 Nessos


Innate Abilities, Weirdness & Mutations

You have a pair of horns on your head.
You reflexively headbutt those who attack you in melee.


Message History

The orc warrior completely misses you.
Your iron troll bites the cyclops!!!
Your iron troll claws the cyclops!!
The cyclops dies!
Trog accepts your kill.
You feel protected.
You feel very sick.
Nessos shoots an arrow.
The arrow hits you!
* * * LOW HITPOINT WARNING * * *
You are lethally poisoned!
Nessos blinks!
The orc priest looks encouraged for a moment.
The orc warrior hits you but does no damage.
Your iron troll bites the orc priest!!
The orc priest dies!
Trog accepts your kill. The orc hits you but does no damage.
Okay, then.
Blink to where?
Press: ? - help, Dir - move target
As you read the scroll of blinking, it crumbles to dust.
* * * LOW HITPOINT WARNING * * *
You feel extremely sick.
Your iron troll completely misses the orc warrior.
Your iron troll claws the orc warrior!!
The orc warrior dies!
Trog accepts your kill.
Found 9 gold pieces.
You are confused.
You feel invigorated.
* * * LOW HITPOINT WARNING * * *
You feel extremely sick.
Your iron troll barely misses the orc wizard.
Your iron troll claws the orc wizard!!!
The orc wizard dies!
Trog accepts your kill. Something appears at your feet!
You see here a +1 antimagic battleaxe.
Trog grants you a weapon!
Trog appreciates your killing of a magic user.
Unknown command.
You die...

#.$ .......# ..##.#.#...
......# ........#.####
......##
.......##.#..##.......#.
.......#$.....##........
...._........$..........
.......##o.#..........#.
...)...)...))...@......#
...c.....))T............
)...§....).(............
.)<....................$
))......................
...................#..#.
...................#....
#................... ...
##...............


You could see an orc and a friendly iron troll (summoned, berserk).

Vanquished Creatures
  A minotaur (Gauntlet)
  4 dire elephants (Lair:6)
  An ettin (Orc:1)
  Josephine (D:11)
  Harold (D:7)
  A hell beast (Gauntlet)
  4 hydras
  A boulder beetle (Lair:5)
  14 death yaks
  3 two-headed ogres
  4 spectral dire elephants (Lair:6)
  Urug (D:10)
  The ghost of Likado the Magician, a novice DjSu of Hepliaklqana (D:7)
  Nergalle (D:11)
  A spectral anaconda (Lair:6)
  3 necromancers (Lair:6)
  A cyclops (D:10)
  An ugly thing (D:11)
  5 oklob plants
  3 black mambas
  An elephant (shapeshifter) (Gauntlet)
  15 elephants
  4 molten gargoyles (D:9)
  2 dire elephant skeletons (Lair:6)
  A dire elephant zombie (Lair:6)
  10 cane toads
  A gargoyle (D:11)
  2 kobold demonologists (D:11)
  10 komodo dragons
  A rime drake (Lair:6)
  Psyche (D:10)
  4 polar bears
  2 trolls
  A wind drake (shapeshifter) (D:7)
  Prince Ribbit (D:9)
  6 dream sheep (Lair:6)
  4 spectral elephants (Lair:6)
  25 blink frogs
  4 wraiths (D:11)
  A vampire (D:6)
  A spriggan (Lair:3)
  Eustachio (D:4)
  3 wyverns
  3 basilisks
  29 yaks
  Grum (D:9)
  2 steam dragons
  Menkaure (D:6)
  2 nagas (Lair:3)
  2 acid dragons (D:10)
  22 water moccasins
  2 hell hounds (Gauntlet)
  Duvessa (D:7)
  2 elephant zombies (Lair:6)
  11 orc warriors
  6 black bears
  A sky beast (D:7)
  4 ogres
  A necrophage (D:4)
  13 wolves
  3 centaurs
  An elephant skeleton (Lair:6)
  15 kobold brigands (D:11)
  A phantom (D:5)
  16 bullfrogs
  A wyvern zombie (D:9)
  6 cane toad simulacra (Lair:6)
  Dowan (D:7)
  8 scorpions
  2 water moccasin skeletons
  10 killer bees
  13 wights
  3 elephant simulacra (Lair:6)
  2 electric eels (Lair:2)
  2 howler monkeys
  2 lava snakes (D:9)
  A crimson imp (D:7)
  A bullfrog zombie (D:5)
  Crazy Yiuf (D:2)
  4 centaur zombies
  A human zombie (Ossuary)
  A jelly (D:6)
  18 orc priests
  6 hounds
  2 gnoll shamans
  A bullfrog skeleton (D:4)
  An iguana (D:7)
  8 orc wizards
  A killer bee zombie (D:6)
  3 hound zombies
  4 mummies (Ossuary)
  2 howler monkey zombies (D:9)
  Robin (D:2)
  12 gnolls
  7 adders
  A shadow imp (D:7)
  2 white imps (D:7)
  2 ufetubi
  An adder skeleton (D:4)
  An adder zombie (Ossuary)
  A worm (D:5)
  A dart slug (D:5)
  64 orcs
  3 endoplasms
  3 giant cockroaches
  2 gnoll zombies (Ossuary)
  14 goblins
  8 hobgoblins
  11 jackals
  10 kobolds
  4 quokkas
  5 ball pythons
  13 bats
  2 frilled lizards
  A goblin zombie (Ossuary)
  A hobgoblin zombie (Ossuary)
  2 jackal zombies (Ossuary)
  An orc zombie (Ossuary)
  3 rats
  A rat zombie (Ossuary)
  A spectral orc (D:7)
575 creatures vanquished.

Vanquished Creatures (collateral kills)
  A balrug (Gauntlet)
  A glowing orange brain (shapeshifter) (Gauntlet)
  An obsidian statue (Lair:6)
  A cyclops (Orc:2)
  A hell hound (Gauntlet)
  An orc warrior (Orc:2)
  2 kobold brigands (D:11)
  An orc priest (Orc:2)
  An orc wizard (Orc:2)
  3 kobolds (D:11)
13 creatures vanquished.

Vanquished Creatures (others)
  A white imp (D:7)
  17 fungi
  19 plants
  19 withered plants
56 creatures vanquished.

Grand Total: 644 creatures vanquished

Notes
Turn   | Place    | Note
-------+----------+-------------------------------------------
     0 | D:1      | robertstho the Minotaur Berserker began the quest for the
                  | Orb.
     0 | D:1      | Reached XP level 1. HP: 19/19 MP: 0/0
   190 | D:1      | Found a faded altar of an unknown god.
   469 | D:1      | Reached XP level 2. HP: 25/27 MP: 1/1
   586 | D:1      | Reached skill level 4 in Axes
   748 | D:2      | Noticed Robin
   754 | D:2      | Killed Robin
   755 | D:2      | Reached XP level 3. HP: 34/34 MP: 2/2
   763 | D:2      | Reached ** piety under Trog
  1116 | D:2      | Found a runed translucent door.
  1117 | D:2      | Noticed Crazy Yiuf
  1271 | D:2      | Reached XP level 4. HP: 41/41 MP: 3/3
  1275 | D:2      | Reached skill level 5 in Fighting
  1642 | D:2      | Killed Crazy Yiuf
  1643 | D:2      | Reached XP level 5. HP: 48/48 MP: 4/4
  2065 | D:3      | Reached *** piety under Trog
  2066 | D:3      | Reached skill level 5 in Axes
  2073 | D:3      | You fall into a shaft and drop 3 floors!
  2129 | D:6      | Noticed an ogre
  2135 | D:6      | Noticed Menkaure
  2139 | D:6      | Killed an ogre
  2140 | D:6      | Reached XP level 6. HP: 57/57 MP: 5/5
  2144 | D:6      | Killed Menkaure
  2209 | D:6      | Noticed a vampire
  2249 | D:5      | Entered Level 5 of the Dungeon
  2265 | D:5      | Reached skill level 6 in Axes
  2265 | D:5      | Reached XP level 7. HP: 63/63 MP: 6/6
  2371 | D:5      | Found a glowing drain.
  2387 | Sewer    | Entered a sewer
  2573 | D:5      | Reached skill level 7 in Axes
  2573 | D:5      | Reached skill level 5 in Armour
  2873 | D:5      | Reached XP level 8. HP: 73/73 MP: 7/7
  2888 | D:5      | Identified a scroll of acquirement
  2890 | D:5      | Acquired a +2 pair of boots of stealth
  2953 | D:5      | Reached skill level 5 in Dodging
  3438 | D:4      | Noticed Eustachio
  3439 | D:4      | Reached **** piety under Trog
  3451 | D:4      | Reached skill level 8 in Axes
  3457 | D:4      | Killed Eustachio
  3523 | D:4      | Reached skill level 9 in Axes
  3546 | D:4      | Found a staircase to the Ecumenical Temple.
  3973 | D:6      | Reached XP level 9. HP: 82/82 MP: 8/8
  4389 | D:6      | Noticed a troll
  4401 | D:6      | Killed a troll
  4402 | D:6      | Reached skill level 10 in Axes
  4890 | D:7      | Noticed Harold
  4901 | D:7      | Killed Harold
  4902 | D:7      | Reached skill level 10 in Fighting
  4902 | D:7      | Reached skill level 11 in Axes
  4902 | D:7      | Found a runed translucent door.
  4902 | D:7      | Noticed Likado's ghost (novice DjSu)
  4964 | D:7      | Reached XP level 10. HP: 93/93 MP: 9/9
  5037 | D:7      | Noticed Duvessa
  5041 | D:7      | Killed Duvessa
  5044 | D:7      | Noticed Dowan
  5045 | D:7      | Killed Dowan
  5045 | D:7      | Reached ***** piety under Trog
  5399 | D:7      | Found a basalt altar of Yredelemnul.
  5567 | D:7      | Noticed a two-headed ogre
  5570 | D:7      | Killed a two-headed ogre
  5597 | D:7      | Identified the +3 scimitar "Valiah" {vorpal, rF+} (Trog
                  | gifted it to you on level 7 of the Dungeon)
  5597 | D:7      | Received a gift from Trog
  5598 | D:7      | Reached skill level 12 in Axes
  5787 | D:7      | Killed Likado's ghost
  5877 | D:8      | Found a sand-covered staircase.
  5901 | Ossuary  | Entered an ossuary
  6256 | D:8      | Reached XP level 11. HP: 103/103 MP: 10/10
  6630 | D:9      | Noticed Prince Ribbit
  6663 | D:9      | Killed Prince Ribbit
  6728 | D:9      | Noticed Grum
  6739 | D:9      | Killed Grum
  6740 | D:9      | Reached skill level 13 in Axes
  6889 | D:9      | Reached skill level 10 in Armour
  6983 | D:9      | Reached skill level 1 in Long Blades
  7269 | D:10     | Entered Level 10 of the Dungeon
  7340 | D:10     | Found a staircase to the Orcish Mines.
  7895 | D:10     | Noticed Urug
  7902 | D:10     | Killed Urug
  7937 | D:10     | Noticed Psyche
  7943 | D:10     | Killed Psyche
  8291 | D:11     | Noticed a two-headed ogre
  8291 | D:11     | Noticed a two-headed ogre
  8301 | D:11     | Killed a two-headed ogre
  8302 | D:11     | Killed a two-headed ogre
  8303 | D:11     | Reached skill level 14 in Axes
  8333 | D:11     | Found a staircase to the Lair.
  8438 | D:11     | Noticed a purple ugly thing
  8451 | D:11     | Killed a purple ugly thing
  8519 | D:11     | Received a gift from Trog
  8577 | D:11     | Found Eraruog's Antique Weapon Shop.
  8708 | D:11     | Noticed Josephine
  8717 | D:11     | Reached XP level 12. HP: 110/110 MP: 11/11
  8724 | D:11     | Killed Josephine
  8745 | D:11     | Found a hazy altar of Hepliaklqana.
  8876 | D:11     | Noticed Nergalle
  8882 | D:11     | Killed Nergalle
  8890 | D:11     | Acquired 557 gold pieces
  9013 | Lair:1   | Entered Level 1 of the Lair of Beasts
  9808 | Lair:1   | Reached skill level 15 in Axes
  9963 | Lair:2   | Noticed an eight-headed hydra
  9977 | Lair:2   | Killed a 16-headed hydra
 10297 | Lair:2   | Acquired 729 gold pieces
 10362 | Lair:2   | Noticed a death yak
 10363 | Lair:2   | Noticed a death yak
 10364 | Lair:2   | Noticed a death yak
 10364 | Lair:2   | Noticed a death yak
 10365 | Lair:2   | Noticed a death yak
 10365 | Lair:2   | Noticed a death yak
 10374 | Lair:2   | Killed a death yak
 10375 | Lair:2   | Killed a death yak
 10375 | Lair:2   | Reached ****** piety under Trog
 10375 | Lair:2   | Received a gift from Trog
 10380 | Lair:2   | Killed a death yak
 10380 | Lair:2   | Killed a death yak
 10381 | Lair:2   | Reached XP level 13. HP: 125/125 MP: 12/12
 10723 | Lair:2   | Found a staircase to the Swamp.
 11177 | Lair:3   | Found a staircase to the Snake Pit.
 11233 | Lair:3   | Reached skill level 16 in Axes
 11697 | Lair:3   | Reached skill level 15 in Fighting
 11895 | Lair:4   | You fall into a shaft and drop 2 floors!
 11895 | Lair:6   | Entered Level 6 of the Lair of Beasts
 11981 | Lair:6   | Received a gift from Trog
 11985 | Lair:6   | Reached skill level 17 in Axes
 12216 | Lair:6   | Found a gate leading to a gauntlet.
 12225 | Gauntlet | Entered a Gauntlet
 12225 | Gauntlet | Found a transporter.
 12225 | Gauntlet | Found a transporter.
 12237 | Gauntlet | Found a transporter.
 12254 | Gauntlet | Noticed a balrug
 12255 | Gauntlet | Found a transporter.
 12255 | Gauntlet | Found a transporter.
 12255 | Gauntlet | Found a transporter.
 12257 | Gauntlet | Found a transporter.
 12257 | Gauntlet | Found a transporter.
 12269 | Gauntlet | Found a transporter.
 12285 | Gauntlet | Found a transporter.
 12292 | Gauntlet | Found a runed translucent door.
 12296 | Gauntlet | Found a transporter.
 12299 | Gauntlet | Found the +3 pair of seven-league boots {Rampage+∞}
 12309 | Gauntlet | Found a transporter.
 12329 | Gauntlet | Found a transporter.
 12344 | Gauntlet | Found a transporter.
 12381 | Gauntlet | Identified the amulet "Udyali" {Faith rF+ rCorr Str+4
                  | Int-2}
 12394 | Gauntlet | Killed a balrug
 12395 | Gauntlet | Reached XP level 14. HP: 128/136 MP: 13/13
 12736 | Lair:6   | Found a staircase to the Slime Pits.
 12737 | Lair:6   | Found a viscous altar of Jiyva.
 12985 | Lair:6   | Reached skill level 18 in Axes
 13031 | Lair:6   | Identified the amulet "Plog" {RegenMP rElec rN+ Dex-2
                  | Stlth+}
 13071 | Lair:6   | Reached skill level 15 in Armour
 13716 | Lair:5   | Received a gift from Trog
 13872 | Lair:5   | Found a snail-covered altar of Cheibriados.
 14449 | Lair:4   | Reached XP level 15. HP: 147/147 MP: 14/14
 14801 | Orc:1    | Entered Level 1 of the Orcish Mines
 14841 | Orc:1    | Reached skill level 19 in Axes
 15020 | Orc:2    | Entered Level 2 of the Orcish Mines
 15042 | Orc:2    | Noticed Nessos
 15053 | Orc:2    | HP: 5/139 [poisoned by Nessos]
 15054 | Orc:2    | HP: 2/140 [poisoned by Nessos]
 15054 | Orc:2    | Received a gift from Trog
 15055 | Orc:2    | Succumbed to Nessos's poison

Illustrated notes

Levels and vault maps discovered:
D:1:      wander_arrival_desolate, layout_basic,
          hellmonk_ecumenical_altar_lost_god
D:2:      layout_basic, uniq_crazy_yiuf_cottage, uniq_robin
D:3:      layout_loops_cross, serial_glass, glass_columns_a, glass_columns_c,
          skrybe_limestone_x
D:4:      layout_rooms, temple_pool_b, uniq_eustachio
D:5:      layout_gridville, portal_sewer_entry_b, minmay_liquid_box,
          minivault_11
D:6:      layout_basic, uniq_menkaure
D:7:      nzn_winding_woodlands_three_and_one
          [nzn_winding_woodlands_5x15_river_crossing,
          nzn_winding_woodlands_5x15_default, nzn_winding_woodlands_5x15_parted,
          nzn_winding_woodlands_center_lodge], layout_basic,
          yredelemnul_forgotten_temple_becter, gammafunk_ghost_grave,
          minmay_holes, minmay_fire_ice_demons, uniq_harold, uniq_duvessa
D:8:      layout_loops_ring, lightli_ossuary_entry_decrepit_ruins, special_room
          [special_room_orc], supply_closet_lemuel, sigmund_army
D:9:      layout_roguey, minivault_8, uniq_prince_ribbit1, uniq_grum
D:10:     layout_stronghold, david_orc_2, serial_column_ruins,
          column_ruins_circle_small, column_ruins_grid_1, column_ruins_grid_1,
          column_ruins_grid_3, column_ruins_open_tiny, column_ruins_grid_4,
          hangedman_abyss_or_decor_lesser_grid, minivault_4, uniq_psyche,
          uniq_urug
D:11:     layout_roguey [special_room_kobold], grunt_lair_entry_orc_guard_hut,
          serial_shops, shop, worldfamousw_hep_ancestral_shrine, uniq_josephine,
          uniq_nergalle
Lair:1:   layout_cave_shapes
Lair:2:   layout_cave_pods, swamp_mist, gammafunk_lair_bear_cave,
          serial_bayou_shore_a
Lair:3:   layout_hall_layers, minmay_snake_entry_guardpost_small,
          grunt_forest_stairs_clearing, grunt_megastairs_2
Lair:4:   layout_cave_shapes
Lair:5:   layout_big_grid, lemuel_oklob_altar
Lair:6:   due_jungle_book, layout_cave_shapes, slime_altar_1,
          gauntlet_entry_generic, minmay_lair_oklob_chamber, grunt_megastairs_5
Orc:1:    layout_diamond_mine
Orc:2:    pf_orc_diabolical, layout_caves, basic_altar, uniq_nessos

Skill      XL: |  1  2  3  4  5  6  7  8  9 10 11 12 13 14 15 |
---------------+----------------------------------------------+-----
Fighting       | 4 5 6 7 8 10 11 13 14 15 17 | 17.4
Axes           | 4 5 6 7 9 11 12 14 15 17 18 19 | 19.0
Armour         | 3 4 5 6 8 9 11 13 14 15 | 15.5
Dodging        | 3 4 5 6 |  6.3
Long Blades    | 2 |  2.7

Action                   |  1- 3 |  4- 6 |  7- 9 | 10-12 | 13-15 || total
-------------------------+-------+-------+-------+-------+-------++-------
Melee: Hand axe          |    61 |    69 |   218 |       |       ||   348
       Headbutt          |     5 |     6 |    50 |   101 |   134 ||   296
       War axe           |       |       |    44 |   268 |     5 ||   317
       Battleaxe         |       |       |       |   225 |    98 ||   323
       Scimitar          |       |       |       |    25 |       ||    25
       Executioner's axe |       |       |       |       |   391 ||   391
Invok: Berserk           |     2 |     4 |     7 |    12 |    10 ||    35
       Trog's Hand       |       |       |     1 |     1 |       ||     2
       Brothers in Arms  |       |       |       |     1 |     3 ||     4
Evoke: Wand              |       |       |       |       |     1 ||     1
  Use: Scroll            |       |     5 |     5 |    12 |     6 ||    28
       Potion            |       |       |       |       |     2 ||     2
 Stab: Sleeping          |       |     1 |     2 |       |       ||     3
Armor: Animal skin       |    16 |    18 |    67 |       |       ||   101
       Scale mail        |       |       |    25 |       |       ||    25
       Chain mail        |       |       |    87 |    36 |       ||   123
       Plate armour      |       |       |       |   333 |   496 ||   829
Dodge: Dodged            |    39 |    39 |   163 |   260 |   231 ||   732
       Rpst.: Scimitar   |       |       |       |     2 |       ||     2

Table legend: (Time is in decaauts)
 A = Elapsed time spent in this place.
 B = Non-inter-level travel time spent in this place.
 C = Inter-level travel time spent in this place.
 D = Time resting spent in this place.
 E = Time spent auto-exploring this place.
 F = Levels seen in this place.
 G = Mean time per level.
                   A        B        C        D        E       F      G
               +--------+--------+--------+--------+--------+-----+--------+
         Total |  15331 |  14547 |    784 |    578 |  10721 |  22 |  696.9 |
       Dungeon |   8949 |   8508 |    441 |    314 |   6339 |  11 |  813.5 |
          Lair |   5470 |   5164 |    306 |    261 |   3906 |   6 |  911.7 |
  Orcish Mines |    241 |    205 |     36 |      0 |    144 |   2 |  120.5 |
         Sewer |    125 |    125 |      0 |      0 |     10 |   1 |  125.0 |
       Ossuary |    154 |    154 |      0 |      0 |     89 |   1 |  154.0 |
      Gauntlet |    390 |    390 |      0 |      3 |    232 |   1 |  390.0 |
               +--------+--------+--------+--------+--------+-----+--------+

Top non-repeatable levels by time:
  Lair:6: 1410 daAuts
     D:7: 1162 daAuts
  Lair:2: 1125 daAuts
  Lair:1: 1092 daAuts
    D:10: 1020 daAuts
     D:2: 1000 daAuts
     D:5: 952 daAuts
     D:6: 918 daAuts
    D:11: 784 daAuts
     D:1: 735 daAuts
  Lair:3: 725 daAuts
     D:8: 680 daAuts
     D:9: 649 daAuts
  Lair:5: 635 daAuts
     D:3: 579 daAuts
